 Dungeon Crawl Stone Soup version 0.26.1-11-gd32895ea62 (webtiles) character file.

Game seed: 6691099574210114472

86 Zeld the Chopper (level 4, -1/41 HPs)
             Began as a Hill Orc Monk on June 7, 2021.
             Slain by an orc
             ... wielding a +2 flail of holy wrath
              (8 damage)
             ... on level 3 of the Dungeon.
             The game lasted 00:07:23 (2943 turns).

Zeld the Chopper (Hill Orc Monk)                    Turns: 2943, Time: 00:07:23

Health: -1/41      AC:  3    Str: 14    XL:     4   Next: 49%
Magic:  4/4        EV: 13    Int: 10    God:
Gold:   26         SH:  0    Dex: 13    Spells: 3/3 levels left

rFire    . . .     SeeInvis .   a - +0 hand axe
rCold    . . .     Faith    .   (no shield)
rNeg     . . .     Spirit   .   b - +0 robe
rPois    .         Reflect  .   (no helmet)
rElec    .         Harm     .   (no cloak)
rCorr    .         Rampage  .   p - +0 pair of gloves
Will     .....                  (no boots)
Stlth    ++........             (no amulet)
HPRegen  0.13/turn              (no ring)
MPRegen  0.09/turn              (no ring)

@: no status effects
A: no striking features
a: no special abilities


You were on level 3 of the Dungeon.
You visited 1 branch of the dungeon, and saw 3 of its levels.

You collected 26 gold pieces.

Inventory:

Hand Weapons
 a - a +0 hand axe (weapon)
Missiles
 f - 5 javelins
 h - 22 poisoned darts (quivered)
Armour
 b - a +0 robe (worn)
 p - a +0 pair of gloves (worn)
Jewellery
 s - a +4 ring of protection {unknown}
 u - an uncursed ring of stealth {unknown}
Scrolls
 c - 2 scrolls of magic mapping {unknown}
 d - 4 scrolls of identify {unknown}
 e - a scroll of remove curse {unknown}
 i - a scroll of enchant weapon {unknown}
 j - a scroll of fog {unknown}
 l - a scroll of fear {unknown}
 q - 2 scrolls of teleportation {unknown}
Potions
 g - a potion of lignification {unknown}
 k - a potion of haste {unknown}
 m - a potion of heal wounds {unknown}
 n - a potion of brilliance {unknown}
 o - a potion of curing {unknown}
 r - a potion of resistance {unknown}
 t - a potion of attraction {unknown}


   Skills:
 * Level 4.8 Fighting
 * Level 5.3 Axes
 + Level 2.8 Dodging
 - Level 1.5 Stealth


You had 3 spell levels left.
You didn't know any spells.
Your spell library was empty.

Dungeon Overview and Level Annotations

Branches:
Dungeon (3/15)

Altars:
Ashenzari
Sif Muna


Message History

You barely miss the hobgoblin.
The hobgoblin is severely wounded.
You closely miss the orc wizard.
The orc wizard hits you with a +0 dagger.
The hobgoblin hits you with a +0 club.
* * * LOW HITPOINT WARNING * * *
The orc wizard hits you with a +0 dagger.
* * * LOW HITPOINT WARNING * * *
You miss the orc wizard. You hit the hobgoblin.
You kill the hobgoblin!
The bat hits you but does no damage. The orc wizard barely misses you.
Unknown command.
You hit the orc wizard but do no damage.
You barely miss the bat. The bat hits you but does no damage.
The orc wizard barely misses you.
Unknown command.
You hit the orc warrior but do no damage.
You hit the orc but do no damage. You miss the bat. The bat misses you.
The orc hits you with a +2 flail of holy wrath!
You die...

# ########.# #..
##o ######### #o #
#.......# #.
###########
#.......# ##
##........#
#.......## #
##........#
#..b.....# #
##........#
#..@.....#
########
##........#
#.oo#######
#.......
##........####o.?#
# #....o..
.'........o..'...#
#.......
##........####...#
#.......
..........# #...#
#.......
..........# #...#
#.......
..........# #####
#...$...
.(........#
##.....##.......


You could see an orc warrior, an orc wizard (fast), an orc and a bat.

Vanquished Creatures
  3 adders (D:2)
  2 oozes
  A dart slug (D:2)
  3 leopard geckos
  2 bats
  A giant cockroach (D:3)
  4 goblins
  7 hobgoblins
  4 jackals (D:2)
  3 quokkas
  3 frilled lizards
  6 kobolds
  3 rats (D:3)
42 creatures vanquished.

Notes
Turn   | Place    | Note
-------+----------+-------------------------------------------
     0 | D:1      | Zeld the Hill Orc Monk began the quest for the Orb.
     0 | D:1      | Reached XP level 1. HP: 19/19 MP: 1/1
   360 | D:1      | Reached XP level 2. HP: 18/27 MP: 2/2
  1057 | D:2      | Reached XP level 3. HP: 19/33 MP: 3/3
  1493 | D:2      | Reached skill level 5 in Axes
  1780 | D:2      | Reached XP level 4. HP: 41/41 MP: 4/4
  2438 | D:3      | Found a shimmering blue altar of Sif Muna.
  2440 | D:3      | Found a broken altar of Ashenzari.
  2829 | D:3      | Noticed an orc warrior
  2943 | D:3      | Slain by an orc

Illustrated notes

Levels and vault maps discovered:
D:1:      minmay_arrival_semitransparent, layout_basic
D:2:      layout_loops_ring, roderic_serpentine_path, grunt_ministairs_6
D:3:      layout_basic, nicolae_overflow_hidden_temple

Skill      XL: |  1  2  3 |
---------------+----------+-----
Fighting       | 4 |  4.8
Axes           | 5 |  5.3
Dodging        | |  2.8
Stealth        | |  1.5

Action                   |  1- 3 |  4- 6 || total
-------------------------+-------+-------++-------
Melee: Hand axe          |    79 |    72 ||   151
 Stab: Sleeping          |     3 |     3 ||     6
Armor: Robe              |     9 |    44 ||    53
Dodge: Dodged            |    55 |   107 ||   162
